[Event "Late-Titled-Tuesday-Blitz-March-12-2024"]
[Site "Chess.com"]
[Date "2024.03.12"]
[Round "7"]
[White "Practical-Play"]
[Black "NMJeevanK"]
[Result "1-0"]
[WhiteElo "2472"]
[BlackElo "2605"]
[TimeControl "180+1"]
[EndTime "15:17:04 PDT"]
[Termination "Practical-Play won by resignation"]

1. e4 e5 2. Nf3 d6 3. d4 exd4 4. Nxd4 Nf6 5. Nc3 Be7 6. Bc4 O-O 7. O-O c6 8. Re1 a5 9. a4 Nbd7 10. Nf5 Ne5 11. Nxe7+ Qxe7 12. Bb3 Bg4 13. f3 Bh5 14. Bg5 h6 15. Bh4 Rae8 16. g4 Bg6 17. h3 Bh7 18. f4 Ng6 19. Bg3 Qc7 20. Qd2 Nd7 21. Rad1 d5 22. exd5 Nc5 23. Ba2 cxd5 24. Nxd5 Qd6 25.
Rxe8 Rxe8 26. Nc3 Qb6 27. Bf2 Qc7 28. Nd5 Qc6 29. Nc3 Nf8 30. Bd5 Qc8 31. Nb5 Ne4 32.
Bxe4 Bxe4 33. Nd6 Qc6 34. Nxe8 Bh1 35. Bg3 Bf3 36. Rf1 Be4 37. Nd6 Bd5 38. Nf5 Ne6 39. Ne7+ Kf8 40. Nxc6 Bxc6 41. f5 Ng5 42. Qd8+ Be8 43.
Bd6+ Kg8 44. Qxe8+ Kh7 45. h4 1-0

[Event "Late-Titled-Tuesday-Blitz-March-12-2024"]
[Site "Chess.com"]
[Date "2024.03.12"]
[Round "7"]
[White "mac0504"]
[Black "Hrant_ChessMood"]
[Result "0-1"]
[WhiteElo "2715"]
[BlackElo "2968"]
[TimeControl "180+1"]
[EndTime "15:17:06 PDT"]
[Termination "Hrant_ChessMood won by resignation"]

1. c4 e5 2. Nc3 Bb4 3. Nd5 Be7 4. e3 Nf6 5. Nxe7 Qxe7 6. Be2 O-O 7. d3 c5 8. Nf3 Nc6 9. O-O d5 10. cxd5 Nxd5 11. Bd2 b6 12. a3 Bb7 13. Qa4 Rfd8 14. Rfc1 a5 15. Be1 h6 16. Rab1 Rab8 17. h3 Ba8 18. Qc4 Rbc8 19. Qg4 Nf6 20. Qa4 Nd5 21. Qg4 Bb7 22. Nd2 Ba6 23. Qa4 Nf6 24. Qc2 Qe6 25. Nc4 Rb8 26. Bf3 Ne7 27. b4 cxb4 28.
axb4 e4 29. dxe4 Rbc8 30. b5 Bb7 31. Qe2 Bxe4 32. Bxe4 Nxe4 33. f3 Nc5 34. e4 Nd3 35. Rc3 Nf4 36. Qf1 Qg6 37. Kh2 Rc5 38. Bg3 Qf6 39.
e5 Qg5 40. Rbc1 Nf5 41. Bxf4 Qxf4+ 42. Kg1 Rdc8 43. Qf2 Rxc4 44. Rxc4 Rxc4 45. Rxc4 Qxc4 46.
Qxb6 Qd4+ 47. Qxd4 Nxd4 48. b6 a4 49. b7 Nc6 0-1

[Event "Late-Titled-Tuesday-Blitz-March-12-2024"]
[Site "Chess.com"]
[Date "2024.03.12"]
[Round "7"]
[White "dealshark"]
[Black "DeArron_Fox"]
[Result "0-1"]
[WhiteElo "2338"]
[BlackElo "2531"]
[TimeControl "180+1"]
[EndTime "15:17:06 PDT"]
[Termination "DeArron_Fox won on time"]

1. d4 d5 2. c4 e6 3. Nc3 Nf6 4.
cxd5 exd5 5. Bg5 c6 6. e3 Be7 7. Bd3 Nbd7 8. Nge2 Nh5 9. Bxe7 Qxe7 10. O-O O-O 11. Qd2 g6 12. Rae1 Ndf6 13. f3 Re8 14.
e4 dxe4 15. fxe4 Qc7 16. e5 Nd5 17. Nxd5 cxd5 18. Rc1 Qb6 19. Rc5 Rxe5 20. Rb5 Rxe2 21. Bxe2 Qd6 22. Bxh5 gxh5 23. Qg5+ Qg6 24. Qd8+ Kg7 25.
Rxd5 Be6 26. Qd6 Bxd5 27. Qxd5 Re8 28. h4 Re2 29. Rf5 h6 30. Rf2 Rxf2 31. Kxf2 Qc2+ 32. Kg3 Qxb2 33. Qe5+ Kh7 34. Qf5+ Kg8 35. Qd5 Qb6 36. a4 Qc7+ 37. Qe5 Qxe5+ 38. dxe5 Kf8 39. Kf4 Ke7 40. Kf5 b6 0-1

[Event "Late-Titled-Tuesday-Blitz-March-12-2024"]
[Site "Chess.com"]
[Date "2024.03.12"]
[Round "7"]
[White "LornerAcosta"]
[Black "KetiTsatsalashvili"]
[Result "1-0"]
[WhiteElo "2627"]
[BlackElo "2457"]
[TimeControl "180+1"]
[EndTime "15:17:07 PDT"]
[Termination "LornerAcosta won on time"]

1. Nf3 Nf6 2. d4 d6 3. c3 g6 4. Bf4 Bg7 5. Nbd2 O-O 6. e4 Nbd7 7. h3 Re8 8. Be2 e5 9. dxe5 dxe5 10. Bh2 Qe7 11. Qc2 Nh5 12. O-O Nf4 13. Bc4 Nb6 14.
Rfe1 Nxc4 15. Nxc4 b5 16. Ne3 c6 17. a4 bxa4 18. Rxa4 Be6 19. Rea1 Reb8 20. R1a3 Qd7 21. Ng5 Bf8 22. Nxe6 Bxa3 23. Rxa3 Qxe6 24. Bg3 a5 25. Kh2 Rd8 26. Ng4 h5 27. Ne3 Qd7 28. Nc4 Qc7 29. Ra4 Rd7 30. Qc1 Rad8 31. Nxe5 Qxe5 32. Bxf4 Qe6 33. Qe3 Rd3 34. Qc5 Qb3 35. Rxa5 Qxb2 36. Bg3 Qe2 37. Qg5 Qxe4 38. Ra7 Qe6 39. Re7 Qd5 40. Be5 Rd1 41. Qf6 Rh1+ 42. Kxh1 1-0

[Event "Late-Titled-Tuesday-Blitz-March-12-2024"]
[Site "Chess.com"]
[Date "2024.03.12"]
[Round "7"]
[White "thesupera12"]
[Black "Likvidator228"]
[Result "0-1"]
[WhiteElo "2453"]
[BlackElo "2608"]
[TimeControl "180+1"]
[EndTime "15:17:07 PDT"]
[Termination "Likvidator228 won by checkmate"]

1. d4 d5 2. Bg5 c6 3. e3 Qb6 4. Qc1 Bf5 5. Nf3 e6 6. c4 Nd7 7. Nc3 Ngf6 8. c5 Qc7 9. h3 h6 10. Bf4 Qd8 11. b4 a6 12. a4 Ne4 13. Nxe4 dxe4 14. Nd2 a5 15. b5 e5 16. Bxe5 Nxe5 17.
dxe5 Qd5 18. Be2 Bxc5 19. O-O O-O 20. Nc4 cxb5 21. axb5 b6 22. Rd1 Qe6 23. Nxb6 Qxb6 24. Rd5 Bb4 25. Qc6 Qxc6 26. bxc6 Rac8 27. Bb5 Rfd8 28.
Rad1 Rxd5 29. Rxd5 Kf8 30. c7 Ke7 31. g4 Be6 32. Rd4 Rxc7 33. Rxe4 Rc1+ 34. Kh2 Rc5 35. Ba4 g5 36. Rd4 Rd5 37. Rc4 Rd2 38. Rc7+ Kf8 39.
Kg3 Ra2 40. Bb5 Be1 41. Bd3 Bxf2+ 42. Kf3 Be1 43. h4 Bd5+ 44. e4 Be6 45. hxg5 hxg5 46. Ke3 Bf2+ 47. Kf3 Bd4 48. Bb5 Rf2+ 49. Kg3 Bxe5+ 50. Kxf2 Bxc7 51. e5 Bxe5 52. Kg2 Bf4 53. Kh3 Ke7 54. Bf1 Kd6 55. Bb5 Kc5 56. Ba4 Kb4 57.
Be8 a4 58. Bxf7 Bxf7 59. Kg2 a3 60. Kf3 a2 61. Ke4 a1=Q 62. Kf5 Qe5# 0-1

[Event "Late-Titled-Tuesday-Blitz-March-12-2024"]
[Site "Chess.com"]
[Date "2024.03.12"]
[Round "7"]
[White "mishanick"]
[Black "platy3"]
[Result "1-0"]
[WhiteElo "3112"]
[BlackElo "2965"]
[TimeControl "180+1"]
[EndTime "15:17:08 PDT"]
[Termination "mishanick won by resignation"]

1. d4 Nf6 2. c4 e6 3. Nc3 Bb4 4. e3 O-O 5. Bd3 Re8 6. a3 Bxc3+ 7. bxc3 d6 8. Ne2 e5 9. f3 c5 10. O-O Nc6 11. d5 Na5 12. e4 h6 13. g4 Nh7 14.
Ng3 Qh4 15. Qe2 Nb3 16. Rb1 Nxc1 17. Rfxc1 Ng5 18. Kh1 Nh3 19. Qe3 Nf4 20. Bc2 b6 21. Ba4 Rf8 22. Bc6 Rb8 23. a4 g6 24. a5 Kg7 25.
Rb2 Rh8 26. Qe1 Qf6 27. Qe3 h5 28. gxh5 Nxh5 29. Rg1 Nf4 30. axb6 Rxb6 31. Ra2 Ba6 32. Bb5 Bxb5 33. cxb5 Rxb5 34. Qd2 Rb7 35. Nf5+ Kf8 36. Ne3 Rh3 37. Ng4 Qh4 38. Qd1 f5 39. exf5 gxf5 40.
Ne3 Rh7 41. Qc2 Nd3 42. Qg2 a5 43. Qg8+ Ke7 44. Nxf5+ 1-0

[Event "Late-Titled-Tuesday-Blitz-March-12-2024"]
[Site "Chess.com"]
[Date "2024.03.12"]
[Round "7"]
[White "Bauman_Guy"]
[Black "DryCounty"]
[Result "1-0"]
[WhiteElo "2923"]
[BlackElo "2663"]
[TimeControl "180+1"]
[EndTime "15:17:08 PDT"]
[Termination "Bauman_Guy won on time"]

1. e4 Nf6 2. e5 Nd5 3. d4 d6 4. Bc4 Nb6 5. Bb3 dxe5 6. Qh5 e6 7. dxe5 a5 8. a4 Na6 9. Nh3 Nc5 10. Nc3 c6 11. O-O Nxb3 12. cxb3 Qd3 13. Nf4 Qf5 14. Qe2 Bb4 15. g4 Qg5 16. Nfd5 Qd8 17. Nxb4 axb4 18. Ne4 O-O 19. Bg5 f6 20. Rad1 Nd5 21. Bd2 Qe8 22. exf6 gxf6 23. Kh1 Qg6 24. f4 b6 25. Nd6 Ba6 26. Qxe6+ Kh8 27. Rfe1 Qd3 28. Be3 Qxb3 29. g5 Be2 30. Rd2 Qxe3 31. Qxe3 Nxe3 32. Rexe2 Nd5 33. Rd4 Rxa4 34. h4 Kg7 35. f5 Rd8 36.
Re6 Kf8 37. Ne4 c5 38. Rd2 Raa8 39. Nxf6 Nf4 40. Rxd8+ Rxd8 41. Rxb6 Kf7 42. Rb7+ Kf8 43. Nxh7+ Kg8 44. Nf6+ Kf8 45. g6 1-0

[Event "Late-Titled-Tuesday-Blitz-March-12-2024"]
[Site "Chess.com"]
[Date "2024.03.12"]
[Round "7"]
[White "Statham_01"]
[Black "chess_blitz00"]
[Result "0-1"]
[WhiteElo "2587"]
[BlackElo "2465"]
[TimeControl "180+1"]
[EndTime "15:17:10 PDT"]
[Termination "chess_blitz00 won on time"]

1. e4 d6 2. d4 Nf6 3. Nc3 e5 4. Nf3 Nbd7 5. g4 Nxg4 6. Rg1 Ngf6 7. Bc4 h6 8. Be3 c6 9. Qe2 Qc7 10. O-O-O Nb6 11. Bb3 Bg4 12. h3 Bh5 13. dxe5 dxe5 14. Rg3 Nbd7 15. Qc4 O-O-O 16. Bxa7 b6 17. Nxe5 Bc5 18.
Nxd7 Nxd7 19. Ba4 Bxd1 20. Nxd1 Ne5 21. Qc3 Qxa7 22. Bb3 Qc7 23. a4 Rd4 24. a5 Rhd8 25.
Ne3 Bb4 26. axb6 Qxb6 27. Be6+ fxe6 28. Qb3 R8d6 29. Kb1 Rd1+ 30. Nxd1 Rxd1+ 31. Ka2 Qa5+ 32. Qa3 Bxa3 33. Rxa3 Qxa3+ 34. Kxa3 Rd2 35. Kb3 Rxf2 36. Kb4 Rf3 37. Kc5 Re3 38. Kd6 Rxe4 39. Ke7 Re2 40. Ke8 Nc4 41. b3 Rxc2 42. bxc4 Rxc4 0-1

[Event "Late-Titled-Tuesday-Blitz-March-12-2024"]
[Site "Chess.com"]
[Date "2024.03.12"]
[Round "7"]
[White "Slovak_fighter2000"]
[Black "alexrustemov"]
[Result "1-0"]
[WhiteElo "2626"]
[BlackElo "2828"]
[TimeControl "180+1"]
[EndTime "15:17:14 PDT"]
[Termination "Slovak_fighter2000 won on time"]

1. d4 d5 2. c4 e6 3. Nf3 Nf6 4.
Nc3 Be7 5. g3 O-O 6. Bg2 c6 7.
Qd3 Nbd7 8. O-O b6 9. b3 Ba6 10. e4 c5 11. exd5 exd5 12. Nb5 dxc4 13. bxc4 Bb7 14.
d5 a6 15. Nc3 Re8 16. a4 Bd6 17. Bd2 Qc7 18. Rfe1 Ne5 19. Nxe5 Bxe5 20. Rab1 Rad8 21. a5 b5 22. cxb5 c4 23. Qc2 axb5 24. Nxb5 Qd7 25. Bc3 Bxc3 26. Nxc3 Ba6 27. Rxe8+ Nxe8 28. Na4 Nd6 29. Nc5 Qc8 30. Nxa6 Qxa6 31. Qa4 c3 32. Rb6 Qe2 33. Rc6 Qe1+ 34. Bf1 Ne4 35. Qc2 g6 36. d6 Rxd6 37. Rxd6 Nxd6 38. a6 Qa1 39. Qd3 Nf5 40. h4 h5 41. Qd8+ Kg7 42. Qc7 Qb2 43. Bd3 Qc1+ 44.
Kg2 Qd2 45. Bxf5 gxf5 46. a7 c2 47. a8=Q c1=Q 48. Qe5+ 1-0

[Event "Late-Titled-Tuesday-Blitz-March-12-2024"]
[Site "Chess.com"]
[Date "2024.03.12"]
[Round "7"]
[White "Jagerrmeisterr"]
[Black "Sina_Movahed"]
[Result "0-1"]
[WhiteElo "2721"]
[BlackElo "3031"]
[TimeControl "180+1"]
[EndTime "15:17:16 PDT"]
[Termination "Sina_Movahed won on time"]

1. e4 c5 2. Nc3 d6 3. f4 g6 4. Nf3 Bg7 5. Bc4 e6 6. a3 Ne7 7. Ba2 O-O 8. O-O Nbc6 9. d3 d5 10.
Qe1 Nd4 11. Nxd4 cxd4 12. Ne2 dxe4 13. dxe4 b6 14. Bd2 Ba6 15. Rf3 Rc8 16. Bb3 d3 17. cxd3 Bxb2 18. Ra2 Bg7 19. Bb4 Re8 20. e5 Bb7 21. Rh3 Nd5 22. Bd6 Bf8 23. Bxf8 Rxf8 24.
Rd2 b5 25. Rd1 a5 26. Qf2 a4 27.
Bxd5 Qxd5 28. Nd4 b4 29. Nf3 b3 30. Qh4 h5 31. g4 b2 32. gxh5 Rc1 33. hxg6 Rxd1+ 34. Kf2 Qc5+ 35. Nd4 Qxd4+ 36. Ke2 Re1+ 37. Kd2 Rd1+ 38. Ke2 Bf3+ 39. Rxf3 fxg6 40. Rh3 Re1+ 41. Kd2 Qxf4+ 42. Qxf4 Rxf4 43. Kxe1 b1=Q+ 0-1

[Event "Late-Titled-Tuesday-Blitz-March-12-2024"]
[Site "Chess.com"]
[Date "2024.03.12"]
[Round "7"]
[White "jstopa4"]
[Black "Lady_Nika"]
[Result "1/2-1/2"]
[WhiteElo "2748"]
[BlackElo "2584"]
[TimeControl "180+1"]
[EndTime "15:17:17 PDT"]
[Termination "Game drawn by stalemate"]

1. d4 d5 2. c4 e6 3. Nf3 f5 4. g3 Nf6 5. Bg2 c6 6. O-O Bd6 7. b3 O-O 8. Ba3 Bxa3 9. Nxa3 Qd6 10.
Nc2 Nbd7 11. Nce1 Ne4 12. Nd3 b6 13. Qc2 a5 14. a4 Ba6 15. Rfc1 Rfc8 16. Qb2 Rc7 17.
e3 Rac8 18. h4 c5 19. Nde5 cxd4 20. Qxd4 Nxe5 21. Nxe5 dxc4 22. Bxe4 Qxd4 23. exd4 fxe4 24. bxc4 Bxc4 25. Rab1 Bd5 26. Rxc7 Rxc7 27. Kf1 Rb7 28. Ke2 g6 29. g4 Kf8 30. g5 Ke8 31. Ng4 Kd8 32.
Nf6 Kc8 33. Nxd5 exd5 34. Rb5 Rc7 35. Rxb6 Rc4 36. Rb5 Rxd4 37. Rxa5 Kb7 38. Rb5+ Kc6 39.
Ra5 Rb4 40. Ra6+ Kc5 41. Ra7 d4 42. Rxh7 Rxa4 43. h5 gxh5 44. g6 Ra2+ 45. Ke1 Ra1+ 46. Kd2 Ra2+ 47. Ke1 Ra1+ 48. Kd2 Rg1 49. Rxh5+ Kc4 50.
Rh8 Rxg6 51. Rc8+ Kd5 52. Rd8+ Ke5 53. Re8+ Kf5 54. Rd8 Ke5 55. Re8+ Re6 56. Ra8 Rf6 57.
Re8+ Kf4 58. Rd8 d3 59. Re8 Kf3 60. Ke1 Rf4 61. Re7 Rh4 62. Rf7+ Kg2 63. Rg7+ Kf3 64. Rf7+ Rf4 65. Re7 d2+ 66. Kxd2 Kxf2 67. Re8 Kf3 68. Re7 Rh4 69. Rf7+ Rf4 70. Rxf4+ Kxf4 71. Ke2 e3 72. Ke1 Kf5 73. Ke2 Ke4 74. Ke1 Kf4 75.
Ke2 Ke4 76. Ke1 Kd5 77. Ke2 Kd4 78. Ke1 Ke4 79. Ke2 Kf4 80. Ke1 Kf3 81. Kf1 e2+ 82.
Ke1 Ke3 1/2-1/2

[Event "Late-Titled-Tuesday-Blitz-March-12-2024"]
[Site "Chess.com"]
[Date "2024.03.12"]
[Round "7"]
[White "YegoryoCh"]
[Black "Felix-Rose"]
[Result "0-1"]
[WhiteElo "2484"]
[BlackElo "2300"]
[TimeControl "180+1"]
[EndTime "15:17:17 PDT"]
[Termination "Felix-Rose won by resignation"]

1. g4 h5 2. g5 e5 3. d4 exd4 4. Nf3 c5 5. c3 dxc3 6. Nxc3 d6 7. e4 Nc6 8. Bc4 Bg4 9. h3 Be6 10. Nd5 Nge7 11. Be3 a6 12. a4 Bxd5 13. exd5 Nb4 14. Nh4 Qd7 15. Qf3 g6 16. O-O Bg7 17. Rab1 O-O 18.
Bd2 Nbxd5 19. Bxd5 Nxd5 20. Qxd5 Qxh3 21. Ng2 Be5 22.
Bf4 Bd4 23. b4 h4 24. bxc5 dxc5 25. Rxb7 Qg4 26. Qd7 Qf3 27. Kh2 Rad8 28. Qh3 Qxb7 29. Nxh4 Qd7 30. Qg3 Qxa4 31. Kg2 Qc6+ 32. Nf3 Rfe8 33.
Kh2 Kg7 34. Nxd4 cxd4 35. Be5+ Kg8 36. f4 Rxe5 37. fxe5 d3 38. Qf4 Qe6 39. Rf2 a5 40.
Kg3 a4 41. Rh2 a3 42. Kf3 Qf5 43. Qxf5 gxf5 44. Ke3 d2 45. Rxd2 0-1

[Event "Late-Titled-Tuesday-Blitz-March-12-2024"]
[Site "Chess.com"]
[Date "2024.03.12"]
[Round "7"]
[White "Kopytkin"]
[Black "Mbneu"]
[Result "0-1"]
[WhiteElo "2424"]
[BlackElo "2265"]
[TimeControl "180+1"]
[EndTime "15:17:17 PDT"]
[Termination "Mbneu won by checkmate"]

1. e4 c5 2. d4 cxd4 3. c3 Nf6 4. e5 Nd5 5. Nf3 Nc6 6. Bc4 Nb6 7.
Bb3 d5 8. cxd4 Bg4 9. Be3 e6 10. a3 Be7 11. Nbd2 O-O 12. Bc2 f5 13. h3 Bh5 14. g4 f4 15. gxh5 fxe3 16. fxe3 Bh4+ 17. Ke2 Nc4 18. Nxc4 dxc4 19. Qg1 Rxf3 20. Kxf3 Qd5+ 21. Be4 Rf8+ 22. Ke2 Qxe4 23. Rd1 Rf2+ 24. Qxf2 Bxf2 25. Kxf2 Ne7 26. h4 Qc2+ 27. Kf3 Qxb2 28. Rhg1 c3 29. Rg2 Qb3 30. Rc1 Nf5 31. Kf4 Qd5 32. Rg4 Qc4 33. Rcg1 Qd3 34. R1g3 c2 35. h6 g6 36. h5 c1=Q 37. hxg6 Qcf1+ 38. Kg5 Nxg3 39. g7 Qg6+ 40. Kh4 Qh1+ 41. Kxg3 Qg1+ 42. Kf4 Q1xg4# 0-1

[Event "Late-Titled-Tuesday-Blitz-March-12-2024"]
[Site "Chess.com"]
[Date "2024.03.12"]
[Round "7"]
[White "Jarming"]
[Black "Marcan2b"]
[Result "0-1"]
[WhiteElo "2666"]
[BlackElo "2935"]
[TimeControl "180+1"]
[EndTime "15:17:19 PDT"]
[Termination "Marcan2b won by resignation"]

1. d4 Nf6 2. c4 g6 3. Nc3 Bg7 4. g3 d6 5. Bg2 O-O 6. e3 Nc6 7.
Nge2 e5 8. h3 Re8 9. O-O h5 10.
b3 Bf5 11. Bb2 a6 12. Nd5 Nxd5 13. cxd5 Ne7 14. e4 Bd7 15. dxe5 dxe5 16. Rc1 c6 17.
Nc3 cxd5 18. Nxd5 Nxd5 19. exd5 h4 20. g4 Bh6 21. Rc4 Bb5 22. Re1 Bxc4 23. bxc4 Bf4 24. c5 Rc8 25. c6 bxc6 26. dxc6 Qb6 27. Qc2 Re6 28. Bd5 Rexc6 29. Bxc6 Rxc6 30. Qe2 Rf6 31. Rd1 Rd6 32. Bc3 Rxd1+ 33. Qxd1 Qc6 34. Qd3 Qb5 35. Qe4 Qc5 36. Bb4 Qc8 37. Be7 Qe6 38. Qa8+ Kh7 39. Qf8 Bh6 40. Qd8 Qxa2 41. Bxh4 Bg7 42. Be7 Qe6 43.
Qc7 e4 44. Bc5 Qc4 45. Qa7 Qc1+ 46. Kg2 Qc4 47. Be3 Bc3 48. h4 a5 49. h5 gxh5 50.
gxh5 Qd5 51. Kf1 Qxh5 52. Qc7 Bg7 53. Ke1 a4 54. Qa7 Qh1+ 55. Kd2 Qa1 56. Qd7 Qc3+ 57. Ke2 Qd3+ 58. Qxd3 exd3+ 59. Kxd3 a3 0-1

[Event "Late-Titled-Tuesday-Blitz-March-12-2024"]
[Site "Chess.com"]
[Date "2024.03.12"]
[Round "7"]
[White "Rutricks"]
[Black "kleber2007"]
[Result "0-1"]
[WhiteElo "2698"]
[BlackElo "2549"]
[TimeControl "180+1"]
[EndTime "15:17:19 PDT"]
[Termination "kleber2007 won on time"]

1. Nc3 Nf6 2. e4 e5 3. f4 d5 4.
Qf3 Bg4 5. Qg3 exf4 6. Qxf4 Nbd7 7.
exd5 Bd6 8. Qe3+ Kf8 9. d4 Nb6 10. Bd2 Nbxd5 11. Nxd5 Nxd5 12. Qb3 Qh4+ 13. g3 Re8+ 14.
Be2 Qh5 15. Qd3 Bxg3+ 16. hxg3 Qxh1 17. O-O-O Bxe2 18. Nxe2 Qe4 19. Qa3+ Qe7 20. Qb3 c6 21. Nf4 Qd7 22. Nd3 h5 23. Ne5 Qc7 24. Rf1 Nf6 25. Bg5 Rxe5 26. Bf4 Qd7 27. Bxe5 Nd5 28. c4 Nb6 29. a4 f6 30. a5 Nc8 31. a6 bxa6 32.
c5 Qf7 33. Qb8 Qe8 34. Qc7 Ne7 35. Bxf6 gxf6 36. Rxf6+ Kg7 37. Qe5 Ng6 38. Qg5 Rf8 39.
Rxf8 Qxf8 40. Qxh5 Qf1+ 41. Kc2 Qf2+ 42. Kc3 Qxg3+ 43.
Kc4 Qd3+ 44. Kxd3 Nf4+ 45. Kc3 Nxh5 46. d5 Kf7 47. dxc6 Ke7 48. Kd4 Kd8 49. Ke5 Kc7 0-1

[Event "Late-Titled-Tuesday-Blitz-March-12-2024"]
[Site "Chess.com"]
[Date "2024.03.12"]
[Round "7"]
[White "yobdc"]
[Black "David_ATM"]
[Result "1-0"]
[WhiteElo "2575"]
[BlackElo "2390"]
[TimeControl "180+1"]
[EndTime "15:17:19 PDT"]
[Termination "yobdc won by resignation"]

1. e4 e5 2. Nf3 Nc6 3. Bc4 Bc5 4. c3 Nf6 5. d4 exd4 6. e5 d5 7. Bb5 Ne4 8. cxd4 Bb6 9. Nc3 O-O 10. Be3 Bg4 11. Qc2 Bxf3 12. gxf3 Ng5 13. Bxc6 bxc6 14. Qe2 Ne6 15. O-O-O Qh4 16. Qd3 f6 17. Rhg1 fxe5 18.
dxe5 d4 19. Qc4 Qe7 20. Bxd4 Rxf3 21. Rg3 Rf4 22. Ne2 Re4 23. Qxc6 Rxe2 24. Qxa8+ Qf8 25. Qxf8+ Kxf8 26. Bxb6 axb6 27. Rd2 Re1+ 28. Kc2 Rxe5 29. Re3 Rc5+ 30. Kb1 Kf7 31. b4 Rc6 32. Kb2 h6 33. a4 Ng5 34. Rc2 Rf6 35. Rxc7+ Kg6 36. Re2 Nf3 37. b5 Nxh2 38. Rc6 Ng4 39. Ree6 Nxf2 40. Rxf6+ gxf6 41. a5 h5 42. a6 h4 43. a7 h3 44. a8=Q h2 45. Rc2 h1=Q 46. Qg8+ Kf5 47. Rxf2+ Ke4 48. Qa8+ Ke3 49. Qxh1 Kxf2 50. Qc6 f5 51.
Qf6 f4 52. Qxf4+ Ke2 53. Qd6 Ke1 54. Qxb6 1-0

[Event "Late-Titled-Tuesday-Blitz-March-12-2024"]
[Site "Chess.com"]
[Date "2024.03.12"]
[Round "7"]
[White "Angry_Twin"]
[Black "Adar_07"]
[Result "1-0"]
[WhiteElo "2984"]
[BlackElo "2815"]
[TimeControl "180+1"]
[EndTime "15:17:20 PDT"]
[Termination "Angry_Twin won on time"]

1. e4 c5 2. Nf3 a6 3. c3 d5 4. exd5 Qxd5 5. d4 Nc6 6. Be3 cxd4 7. cxd4 e6 8. Nc3 Qd8 9. Bd3 Nf6 10. O-O Be7 11. Rc1 O-O 12. a3 Bd7 13. Ne4 Rc8 14. Nc5 Bxc5 15. dxc5 e5 16. Bc4 e4 17. Nd4 Ne5 18.
Be2 Bg4 19. b4 Bxe2 20. Nxe2 Nd3 21. Rc4 Qe7 22. Qc2 Ng4 23. Bf4 Rfd8 24. Bd6 Qe6 25.
Rd4 Ngxf2 26. Ng3 h5 27. Rxf2 Nxf2 28. Qxf2 e3 29. Qe2 h4 30. Nf1 Re8 31. Rd3 Qf5 32.
Rxe3 Rxe3 33. Qxe3 Qb1 34. h3 Rd8 35. Kf2 Rc8 36.
Nd2 Qf5+ 37. Nf3 Qf6 38. Kg1 Qa1+ 39. Kh2 Qf6 40. Qe4 Qc3 41. Qg4 Re8 42. Qxh4 Qxa3 43. Qg4 Qe3 44. Qd7 Qe4 45. Ng5 1-0

[Event "Late-Titled-Tuesday-Blitz-March-12-2024"]
[Site "Chess.com"]
[Date "2024.03.12"]
[Round "7"]
[White "Viktor_Poddubnyi"]
[Black "prochn"]
[Result "0-1"]
[WhiteElo "2277"]
[BlackElo "2454"]
[TimeControl "180+1"]
[EndTime "15:17:20 PDT"]
[Termination "prochn won on time"]

1. e4 c6 2. d4 d5 3. exd5 cxd5 4. c4 Nf6 5. Nc3 Nc6 6. Bg5 dxc4 7.
Bxc4 e6 8. Nf3 Be7 9. O-O O-O 10.
Re1 Nb4 11. Ne5 Nbd5 12. Qf3 Nxc3 13. bxc3 Rb8 14. Bd3 Nd5 15. Bxe7 Nxe7 16. Qh5 g6 17. Qh6 Nf5 18. Qh3 b5 19. Nc6 Qc7 20. Nxb8 Qxb8 21.
Rab1 Qc7 22. Bxb5 Bb7 23. Bf1 Bd5 24. c4 Ba8 25. Red1 Rd8 26. d5 exd5 27. cxd5 Rxd5 28. Rxd5 Bxd5 29. a3 a5 30. Qd3 Qc6 31. Rd1 Be4 32. Qd8+ Kg7 33. Qxa5 h5 34. Qe5+ Kh7 35. Qb2 h4 36. h3 Bd5 37. Qd2 Be6 38. Qb4 Qc2 39.
Rb1 Qa2 40. a4 Ng7 41. Qxh4+ Nh5 42. Qb4 Qd5 43. a5 Qg5 0-1

[Event "Late-Titled-Tuesday-Blitz-March-12-2024"]
[Site "Chess.com"]
[Date "2024.03.12"]
[Round "7"]
[White "ritanovikova"]
[Black "MathiasWomacka"]
[Result "1-0"]
[WhiteElo "2265"]
[BlackElo "2534"]
[TimeControl "180+1"]
[EndTime "15:17:21 PDT"]
[Termination "ritanovikova won on time"]

1. e4 c5 2. Nc3 Nc6 3. d3 g6 4.
Be3 d6 5. Qd2 Bg7 6. g3 e5 7. f4 Nge7 8. fxe5 Nxe5 9. Bh6 O-O 10.
h4 Bxh6 11. Qxh6 f6 12. O-O-O Be6 13. Bh3 Qd7 14. Bxe6+ Qxe6 15. Nh3 b5 16. Nf4 Qd7 17. Nfd5 b4 18. Nxe7+ Qxe7 19. Nd5 Qg7 20. Qf4 h5 21. Rhf1 f5 22. Qg5 fxe4 23. dxe4 Rxf1 24. Rxf1 Rf8 25. Rxf8+ Qxf8 26. Ne7+ Kg7 27. Nf5+ Kh7 28. Qe7+ Qxe7 29. Nxe7 Kg7 30. Nc8 a5 31. Nxd6 Kf6 32. Nb7 Nd7 33.
Nxa5 Ke5 34. Kd2 Kxe4 35. Ke2 Ne5 36. Nb7 Kd4 37. a4 bxa3 38. bxa3 Nc6 39. a4 c4 40. a5 Nb4 41. Nd6 c3 42. Kd1 Kc5 43. Nc8 Kb5 44. Ne7 Kxa5 45. Nxg6 Nd5 46. Nf4 Ne3+ 47. Kc1 Kb5 48.
Nxh5 Kc5 49. Nf4 Kd4 50. h5 Ng4 51. Kd1 1-0

[Event "Late-Titled-Tuesday-Blitz-March-12-2024"]
[Site "Chess.com"]
[Date "2024.03.12"]
[Round "7"]
[White "IranianCheetah"]
[Black "APOKALIPSA13"]
[Result "1-0"]
[WhiteElo "2374"]
[BlackElo "2192"]
[TimeControl "180+1"]
[EndTime "15:17:25 PDT"]
[Termination "IranianCheetah won by resignation"]

1. e4 d5 2. exd5 c6 3. dxc6 Nxc6 4. Nf3 e5 5. c3 e4 6. Ng1 Nf6 7. d4 Bd6 8. g3 Bg4 9. Qb3 Qe7 10. Bg2 h6 11. Na3 Bf3 12. Bxf3 exf3+ 13. Kf1 Qe4 14. Qd1 Bxa3 15. bxa3 O-O 16. Qxf3 Qc2 17. Bxh6 gxh6 18. Qxf6 Qxc3 19. Rd1 Rfe8 20. Nf3 Re6 21. Qf4 Rae8 22. d5 Rf6 23. Qg4+ Rg6 24. Qh5 Ne5 25.
Nxe5 Rxe5 26. Qh4 Qb2 27. Kg2 Re2 28. Rhf1 Rf6 29. Qd4 Qxd4 30. Rxd4 Rd6 31. Rc1 Rxa2 32. Rc8+ Kg7 33. Re8 Rxa3 34. Re7 h5 35. Rxb7 Ra5 36. Rf4 Rf6 37. Rxf6 Kxf6 38. d6 Ke6 39. d7 Rd5 40. Rxa7 Rxd7 41. Rxd7 Kxd7 42. Kh3 Ke6 43. Kh4 Kf5 44.
Kxh5 f6 45. f3 Ke5 46. Kg6 f5 47. h4 f4 48. g4 Kd4 49. h5 Ke3 50. h6 Kxf3 51. h7 Kg2 52. h8=Q f3 53. Qd4 f2 54. Qxf2+ Kxf2 55. Kf5 1-0

[Event "Late-Titled-Tuesday-Blitz-March-12-2024"]
[Site "Chess.com"]
[Date "2024.03.12"]
[Round "7"]
[White "PapaieDudu"]
[Black "publicaccountcze"]
[Result "0-1"]
[WhiteElo "2423"]
[BlackElo "2215"]
[TimeControl "180+1"]
[EndTime "15:17:27 PDT"]
[Termination "publicaccountcze won on time"]

1. Nf3 Nf6 2. d4 e6 3. c4 b6 4. Nc3 Bb7 5. h3 Bb4 6. a3 Bxc3+ 7. bxc3 d6 8. Bg5 Nbd7 9. e3 h6 10. Bh4 g5 11. Bg3 Ne4 12. Bd3 f5 13. Qc2 Nxg3 14. fxg3 Nf6 15. d5 exd5 16. Bxf5 Qe7 17. Bg6+ Kd8 18.
O-O dxc4 19. Nd4 c5 20. Nf5 Qe5 21. Rad1 d5 22. Ng7 Kc7 23. Bf7 b5 24. Qg6 Ne4 25.
Rf5 Qd6 26. Ne6+ Kb6 27. a4 a6 28. Ra1 Rac8 29. axb5 axb5 30. Qg7 Rhe8 31. Bxe8 Rxe8 32.
Nf8 Re7 33. Rf7 Rxf7 34. Qxf7 Nxc3 35. Nd7+ Kc6 36. Nf6 b4 37. Qe8+ Kb6 38. Nd7+ Kc7 39. Ne5 Ne4 40. Rf1 Nf6 41. Qf7+ Nd7 42. Ng6 b3 43.
Rf5 b2 44. Rf1 c3 45. Nf8 Qxf8 46. Qh7 Qxf1+ 47. Kxf1 d4 48. Qc2 Ne5 49. exd4 cxd4 50. g4 Ba6+ 51. Kg1 Bd3 0-1

[Event "Late-Titled-Tuesday-Blitz-March-12-2024"]
[Site "Chess.com"]
[Date "2024.03.12"]
[Round "7"]
[White "Knjazj"]
[Black "BebeBonito2022"]
[Result "0-1"]
[WhiteElo "2017"]
[BlackElo "2307"]
[TimeControl "180+1"]
[EndTime "15:17:27 PDT"]
[Termination "BebeBonito2022 won by resignation"]

1. e4 e5 2. Nf3 Nc6 3. Bc4 Nf6 4. d3 Bc5 5. c3 a6 6. Bg5 h6 7. Be3 Bxe3 8. fxe3 d6 9. O-O O-O 10. Nbd2 Na5 11.
Bb3 Nxb3 12. axb3 c5 13. h3 b5 14. Qe2 Re8 15. Qf2 d5 16. exd5 Qxd5 17. d4 exd4 18. exd4 cxd4 19. Nxd4 Bd7 20. N2f3 Qh5 21. Rad1 Ne4 22.
Qh4 Qxh4 23. Nxh4 Rad8 24. Nhf3 Ng3 25. Rfe1 Nf5 26. Nxf5 Bxf5 27. Rxe8+ Rxe8 28. Nd4 Bg6 29. Kf2 f6 30. Re1 Rxe1 31. Kxe1 Bf7 32. b4 Bd5 33. Kf2 Kf7 34. g4 g6 35. Ke3 Ke7 36. h4 Kd6 37. Kf4 Be6 38. h5 g5+ 39. Kf3 Bd7 40. Ke3 Bxg4 41.
Ke4 Bd7 42. Nb3 f5+ 43. Ke3 Ke5 44. Nd4 f4+ 45. Kf3 g4+ 46. Kf2 Ke4 47. Nb3 g3+ 48.
Kg2 Bc6 49. Kf1 Ke3 50. Nd4 Bd5 51. Nf5+ Kd2 52. Nxh6 f3 53. Ng4 Bc4+ 54. Kg1 Ke2 55. h6 f2+ 56. Nxf2 gxf2+ 57. Kg2 f1=Q+ 58. Kg3 Qf6 59. Kg4 Qxh6 60. b3 Bxb3 61. Kf5 Bc4 62. Ke4 Qd2 63. Ke5 Qxc3+ 64. Kd6 Qxb4+ 65. Kc7 a5 66. Kb6 a4 0-1